 Dungeon Crawl Stone Soup version 0.20.0-4-g10b340a (webtiles) character file.

149 Manul the Chopper (level 5, -1/42 HPs)
             Began as a Human Chaos Knight on May 28, 2017.
             Succumbed to a scorpion's poison
             ... on level 4 of the Dungeon.
             The game lasted 00:03:16 (2760 turns).

Manul the Chopper (Human Chaos Knight)              Turns: 2760, Time: 00:03:16

Health: -1/42      AC:  8    Str: 13    XL:     5   Next: 56%
Magic:  5/5        EV:  9    Int: 13    God:    Xom [......]
Gold:   157        SH:  0    Dex: 12    Spells: 4/4 levels left

rFire    . . .     SeeInvis .   a - +0 hand axe (chaos)
rCold    . . .     Gourm    .   (no shield)
rNeg     . . .     Faith    .   y - +0 chain mail {MR+}
rPois    .         Spirit   .   (no helmet)
rElec    .         Reflect  .   (no cloak)
rCorr    .         Harm     .   (no gloves)
MR       +....                  (no boots)
Stlth    ..........             k - amulet of magic regeneration
Regen    0.2/turn               p - +3 ring of evasion
MPRegen  0.2/turn               (no ring)

@: lethally poisoned (-1 -> -37), hasted, very quick
A: no striking features
a: Renounce Religion


You were on level 4 of the Dungeon.
You worshipped Xom.
You were a very special plaything of Xom.
You were not hungry.

You visited 1 branch of the dungeon, and saw 4 of its levels.

You collected 157 gold pieces.

Inventory:

Hand Weapons
 a - a +0 hand axe of chaos (weapon)
 m - a +1 dagger of venom
Armour
 b - a +2 leather armour
 u - a +0 buckler
 y - a +0 chain mail of magic resistance (worn)
Jewellery
 k - an amulet of magic regeneration (around neck)
 p - a +3 ring of evasion (left hand)
Wands
 x - a wand of enslavement (5/24)
Scrolls
 e - 2 scrolls of recharging {unknown}
 f - a scroll of teleportation {unknown}
 g - a scroll of fog {unknown}
 j - a scroll of amnesia {unknown}
 n - 6 scrolls of remove curse
 o - a scroll of magic mapping {unknown}
 q - a scroll of enchant armour {unknown}
 v - a scroll of blinking {unknown}
Potions
 l - a potion of resistance
 r - 2 potions of haste
 s - a potion of curing {unknown}
 t - a potion of degeneration {unknown}
 w - a potion of ambrosia {unknown}
Comestibles
 c - 7 bread rations
 d - 3 chunks of flesh
 h - 4 royal jellies
 i - 4 fruits


   Skills:
 + Level 3.8 Fighting
 + Level 4.5 Axes
 + Level 2.7 Armour
 + Level 1.9 Dodging
 + Level 0.2 Stealth


You had 4 spell levels left.
You didn't know any spells.

Dungeon Overview and Level Annotations

Branches:
Dungeon (4/15)
 Temple: D:4-7

Altars:
Cheibriados


Message History

Something stings you but does no damage.
You miss something.
You feel sick. Something stings you.
You are more poisoned.
Something poisons you!
You closely miss something.
You feel sick.
Something stings you but does no damage.
Something stings you!
* * * LOW HITPOINT WARNING * * *
You are more poisoned.
Something poisons you!
You closely miss something.
* * * LOW HITPOINT WARNING * * *
You feel sick. Something stings you!
* * * LOW HITPOINT WARNING * * *
You are more poisoned.
Something poisons you!
It was a potion of haste.
You feel yourself speed up.
Xom thinks this is hilarious!
You die...
Xom giggles madly!

#......# #.#.#
##......#..
#...#
##........#
##..###
'...####...
#####....#
###.# .##
#...#....# #
#.# #...#....#
###.#
######...##...#
.##.#
...........>###
....#
##.{@..###
.##.# #.....#
###.# ####### #


There were no monsters in sight!

Vanquished Creatures
  Terence (D:3)
  An iguana (D:4)
  An adder (D:3)
  An ooze (D:1)
  2 dart slugs
  A leopard gecko (D:4)
  4 orcs (D:3)
  13 bats
  4 giant cockroaches
  9 hobgoblins
  7 jackals (D:1)
  9 kobolds
  3 quokkas
  A ball python skeleton (D:4)
  8 frilled lizards
  5 goblins
  5 rats
  A rat (shapeshifter) (D:2)
76 creatures vanquished.

Vanquished Creatures (others)
  An adder (D:3)
1 creature vanquished.

Grand Total: 77 creatures vanquished

Notes
Turn   | Place    | Note
-------+----------+-------------------------------------------
     0 | D:1      | Manul the Human Chaos Knight began the quest for the Orb.
     0 | D:1      | Reached XP level 1. HP: 18/18 MP: 1/1
    89 | D:1      | Reached XP level 2. HP: 24/24 MP: 2/2
   347 | D:1      | Reached XP level 3. HP: 28/29 MP: 3/3
   378 | D:1      | XOM: divination: detect items
   780 | D:1      | XOM: divination: detect creatures
  1120 | D:1      | XOM: divination: detect creatures
  1480 | D:2      | Reached XP level 4. HP: 35/35 MP: 4/4
  1557 | D:2      | Reached skill level 4 in Axes
  1997 | D:2      | XOM: mild Erth miscast
  2308 | D:3      | XOM: cloud trail
  2380 | D:3      | Noticed Terence
  2388 | D:3      | Killed Terence
  2388 | D:3      | Reached XP level 5. HP: 31/42 MP: 5/5
  2489 | D:3      | Found a snail-covered altar of Cheibriados.
  2489 | D:3      | XOM: destruction
  2507 | D:3      | XOM: harmless Air miscast
  2657 | D:4      | XOM: noise
  2657 | D:4      | XOM: silly message
  2759 | D:4      | HP: 2/42 [something (7)]
  2760 | D:4      | Succumbed to a scorpion's poison

Skill      XL: |  1  2  3  4 |
---------------+-------------+-----
Axes           | 4 |  4.5
Fighting       | |  3.8
Armour         | |  2.7
Dodging        | |  1.9
Stealth        | |  0.2

Action                   |  1- 3 |  4- 6 || total
-------------------------+-------+-------++-------
Melee: Hand axe          |    95 |   142 ||   237
  Use: Scroll            |       |     1 ||     1
       Potion            |       |     1 ||     1
 Stab: Sleeping          |       |     1 ||     1
  Eat: Chunk             |     2 |     4 ||     6
Armor: Leather armour    |    53 |    30 ||    83
       Chain mail        |       |    18 ||    18
Dodge: Dodged            |    52 |    97 ||   149
